 Dungeon Crawl Stone Soup version 0.30-a0-242-g7bf8e6d787 (webtiles) character file.

Game seed: 1273350031178277840

9 blackman the Sneak (level 2, -4/24 HPs)
             Began as a Human Delver on Oct 12, 2022.
             Was an Initiate of Hepliaklqana.
             Slain by an orc priest
             ... wielding a +1 vorpal trident
              (6 damage)
             ... on level 5 of the Dungeon.
             The game lasted 00:01:15 (197 turns).

blackman the Sneak (Human Delver)                    Turns: 197, Time: 00:01:16

Health: -4/24      AC:  3    Str: 12    XL:     2   Next: 20%
Magic:  2/2        EV: 12    Int: 10    God:    Hepliaklqana [......]
Gold:   85         SH:  0    Dex: 14    Spells: 1/1 levels left

rFire   . . .      SeeInvis .    h - +0 arbalest
rCold   . . .      Faith    .    (shield currently unavailable)
rNeg    . . .      Spirit   .    b - +0 leather armour
rPois   .          Reflect  .    (no helmet)
rElec   .          Harm     .    (no cloak)
rCorr   .          Rampage  .    (no gloves)
Will    .....                    (no boots)
Stlth   +.........               (no amulet)
HPRegen 0.24/turn                (no ring)
MPRegen 0.08/turn                (no ring)

@: confused, hasted, very quick
A: no striking features
a: Renounce Religion


You were on level 5 of the Dungeon.
You worshipped Hepliaklqana.
Hepliaklqana was noncommittal.
You visited 1 branch of the dungeon, and saw 1 of its levels.

You collected 85 gold pieces.

Inventory:

Hand Weapons
 a - a +0 falchion
 h - a +0 arbalest (weapon)
Armour
 b - a +0 leather armour (worn)
Wands
 g - a wand of digging (2)
Scrolls
 c - a scroll of fog
 d - a scroll of magic mapping
 e - a scroll of fear


   Skills:
 - Level 3.0 Fighting
 * Level 2.8 Long Blades
 + Level 0.0 Ranged Weapons
 - Level 2.0 Dodging
 - Level 5.0 Stealth


You had one spell level left.
You didn't know any spells.
Your spell library was empty.

Dungeon Overview and Level Annotations

Branches:
Dungeon (5/15)
 Temple: D:4-7

Altars:
Hepliaklqana


Message History

You see here 12 gold pieces.
Found a dagger.
You see here 16 gold pieces.
You see here 12 gold pieces.
You now have 41 gold pieces (gained 12).
An orc wizard comes into view. It is wielding a +0 short sword.
An orc priest comes into view. It is wielding a +0 flail.
You see here 16 gold pieces.
You now have 57 gold pieces (gained 16).
You see here 13 gold pieces.
You now have 70 gold pieces (gained 13).
The orc wizard shouts!
You see here 15 gold pieces.
You now have 85 gold pieces (gained 15).
There is a hazy altar of Hepliaklqana here.
You kneel at the altar of Hepliaklqana.
Hepliaklqana welcomes you!
Press: ? - help, v - describe, . - travel A translucent rock wall.
The orc priest mumbles some strange prayers to Beogh against you.
Beogh smites you!
Ouch! That really hurt!
Aiming: Dig
Press: ? - help, Shift-Dir - straight line The rock shatters into small pieces.
The orc priest begins to cast a cantrip, but forgets the words!
The orc wizard hits you with a +0 short sword.
* * * LOW HITPOINT WARNING * * *
The orc wizard points at you and mumbles some strange words.
You are confused.
The orc priest shouts!
The orc wizard hits you with a +0 short sword.
* * * LOW HITPOINT WARNING * * *
You feel yourself speed up.
The orc wizard hits you with a +0 short sword.
* * * LOW HITPOINT WARNING * * *
The orc priest barely misses you.
You're too confused to move!
The orc priest hits you from afar with a +1 vorpal trident.
You die...

......#######.#
.)....#.....#.#
......#.....#.#
......#.._..o.#
......#.....#.#
##....#.....#.#
####.#o#####.# #.o.......#
########## #.@.###.###
.........########.#.....##
#####.................#..####
#....######...##..##....#
#.>...........###...#...#
#....##....##..###......#
###.######..............#
##.# #######.###.......##.#
#..# #... #.# ##.#........


You could see 2 orc priests and an orc wizard.

Vanquished Creatures
  An adder (D:5)
1 creature vanquished.

Notes
Turn   | Place    | Note
-------+----------+-------------------------------------------
     0 | D:5      | blackman the Human Delver began the quest for the Orb.
     0 | D:5      | Reached XP level 1. HP: 18/18 MP: 1/1
    16 | D:5      | Noticed a jelly
    16 | D:5      | Noticed a hound
    37 | D:5      | Reached XP level 2. HP: 16/24 MP: 2/2
   154 | D:5      | Found a hazy altar of Hepliaklqana.
   182 | D:5      | Became a worshipper of Hepliaklqana the Forgotten
   197 | D:5      | Slain by an orc priest

Illustrated notes

Levels and vault maps discovered:
D:5:      layout_rooms, amcnicky_altar_gilded, old_standard_altar,
          dk_rats_in_the_wall

Action                   || total
-------------------------++-------
Melee: Falchion          ||     2
Evoke: Wand              ||     1
  Use: Potion            ||     1
Dodge: Dodged            ||     1

Table legend: (Time is in decaauts)
 A = Elapsed time spent in this place.
 B = Non-inter-level travel time spent in this place.
 C = Inter-level travel time spent in this place.
 D = Time resting spent in this place.
 E = Time spent auto-exploring this place.
 F = Levels seen in this place.
 G = Mean time per level.
                   A        B        C        D        E       F      G
               +--------+--------+--------+--------+--------+-----+--------+
         Total |    196 |    196 |      0 |     51 |     74 |   1 |  196.0 |
       Dungeon |    196 |    196 |      0 |     51 |     74 |   1 |  196.0 |
               +--------+--------+--------+--------+--------+-----+--------+

Top non-repeatable levels by time:
     D:5: 196 daAuts
